 Dungeon Crawl Stone Soup version 0.30.1-3-gfc49f6343a (webtiles) character file.

Game seed: 871107346157340085

74 KyoPewz the Cudgeller (level 4, -3/44 HPs)
             Began as an Ogre Gladiator on Aug 3, 2023.
             Killed from afar by Ijyb (11 damage)
             ... with a puff of flame
             ... on level 3 of the Dungeon.
             The game lasted 00:05:47 (1496 turns).

KyoPewz the Cudgeller (Ogre Gladiator)              Turns: 1496, Time: 00:05:47

Health: -3/44      AC:  4    Str: 20    XL:     4   Next: 30%
Magic:  4/4        EV: 10    Int:  9    God:
Gold:   127        SH:  0    Dex: 10    Spells: 3/3 levels left

rFire   . . .        a - +0 flail
rCold   . . .        (no shield)
rNeg    . . .        b - +0 robe
rPois   .            c - +0 hat
rElec   .            r - +0 cloak
rCorr   .            (gloves unavailable)
SInv    .            (boots unavailable)
Will    .....        (no amulet)
Stlth   +            (no ring)
HPRegen 0.27/turn    (no ring)
MPRegen 0.09/turn

%: no passive effects
@: no status effects
A: large, unfitting armour, tough skin 1
a: no special abilities


You were on level 3 of the Dungeon.
You visited 1 branch of the dungeon, and saw 3 of its levels.

You collected 127 gold pieces.

Inventory:

Hand Weapons
 a - a +0 flail (weapon)
Missiles
 d - 3 throwing nets (quivered)
 i - 5 javelins
 l - 9 stones
 m - 6 poisoned darts
Armour
 b - a +0 robe (worn)
 c - a +0 hat (worn)
 r - a +0 cloak (worn)
Scrolls
 f - 3 scrolls of identify {unknown}
 j - a scroll of teleportation {unknown}
 k - a scroll of noise {unknown}
 n - a scroll of magic mapping {unknown}
 q - a scroll of enchant weapon {unknown}
Potions
 g - a potion of resistance {unknown}
 h - a potion of degeneration {unknown}
 o - a potion of haste {unknown}
 p - a potion of heal wounds {unknown}


   Skills:
 - Level 2.6 Fighting
 + Level 4.5 Maces & Flails
 - Level 2.0 Throwing
 - Level 2.6 Dodging


You had 3 spell levels left.
You didn't know any spells.
Your spell library contained the following spells:

 Spells                   Type           Power      Damage    Failure   Level
 Portal Projectile        Hex/Tloc       0%         N/A       77%         3
 Tukima's Dance           Hex            0%         N/A       77%         3
 Blade Hands              Tmut           0%         N/A       100%        5


Dungeon Overview and Level Annotations

Branches:
Dungeon (3/15)

Altars:
Xom

Annotations:
D:2 Natasha, Sigmund
D:3 Ijyb


Innate Abilities, Weirdness & Mutations

You are too large for most types of armour.
You have tough skin. (AC +1)


Message History

Unknown command.
Unknown command.
You sock Ijyb!
Ijyb is moderately wounded.
Ijyb zaps a wand.
The puff of flame hits you!
You take 7 damage, and have 33/44 hp.
You hit Ijyb but do no damage.
Ijyb is moderately wounded.
Ijyb zaps a wand.
The puff of flame hits you! Ijyb hits you with a +0 dagger.
You take 8 damage, and have 25/44 hp.
Press: ? - help, v - describe, . - travel
Here: Ijyb, wielding a +0 dagger, wearing a +0 chain mail and carrying a wand of flame (11) (moderately wounded)
The floor, spattered with blood.
Unknown command.
You sock Ijyb!
Ijyb is severely wounded.
Ijyb screams, "Level is mine!
All mine!"
Ijyb misses you.
You hit Ijyb but do no damage.
Ijyb is severely wounded.
Ijyb barely misses you.
You hit Ijyb.
Ijyb is almost dead.
Ijyb screams, "Me kill you!"
Ijyb zaps a wand.
The puff of flame hits you!
You take 9 damage, and have 16/44 hp.
MASSIVE DAMAGE!!
You closely miss Ijyb.
Ijyb is almost dead.
Ijyb closely misses you.
You hit Ijyb.
Ijyb is almost dead.
Ijyb zaps a wand.
The puff of flame hits you.
* * * LOW HITPOINT WARNING * * *
You take 6 damage, and have 10/44 hp.
You hit Ijyb but do no damage.
Ijyb is almost dead.
Ijyb hits you with a +0 dagger.
* * * LOW HITPOINT WARNING * * *
Ijyb zaps a wand.
The puff of flame hits you!
You die...

#.###############
#........g(......
........@#.......
########.#.......
#.#.......
#.#...?...
#.#.......
#.#.......
#.#..g.... #.#
#.#


You could see Ijyb.

Vanquished Creatures
  Natasha (D:2)
  A dart slug (D:1)
  A worm (D:2)
  3 endoplasms
  5 giant cockroaches
  4 goblins
  5 hobgoblins
  4 jackals
  A kobold (D:1)
  3 quokkas (D:2)
  2 ball pythons
  2 bats
  4 frilled lizards
  4 rats
40 creatures vanquished.

Notes
Turn   | Place    | Note
-------+----------+-------------------------------------------
     0 | D:1      | KyoPewz the Ogre Gladiator began the quest for the Orb.
     0 | D:1      | Reached XP level 1. HP: 22/22 MP: 1/1
    76 | D:1      | Reached skill level 3 in Maces & Flails
   174 | D:1      | Reached XP level 2. HP: 27/29 MP: 2/2
   784 | D:2      | Reached XP level 3. HP: 36/36 MP: 3/3
   897 | D:2      | Found a shimmering altar of Xom.
   920 | D:2      | Noticed Natasha
   934 | D:2      | Killed Natasha
   935 | D:2      | Reached skill level 4 in Maces & Flails
   935 | D:2      | Reached XP level 4. HP: 24/44 MP: 4/4
  1045 | D:2      | Noticed Sigmund
  1085 | D:2      | Noticed Natasha
  1480 | D:3      | Noticed Ijyb
  1496 | D:3      | Killed from afar by Ijyb

Illustrated notes

Levels and vault maps discovered:
D:1:      matt_arrival_grand_opening, layout_loops_ring
D:2:      layout_loops_ring, basic_altar, wad_floor_pattern_1, uniq_natasha,
          uniq_sigmund
D:3:      layout_basic, roderic_filled_cross, uniq_ijyb, uniq_grinder

Skill      XL: |  1  2  3 |
---------------+----------+-----
Maces & Flails | 3 4 |  4.5
Fighting       | |  2.6
Throwing       | |  2.0
Dodging        | |  2.6

Action                     |  1- 3 |  4- 6 || total
---------------------------+-------+-------++-------
  Melee: Flail             |    84 |    31 ||   115
  Throw: Large rock        |       |     1 ||     1
   Stab: Sleeping          |       |     2 ||     2
 Armour: Robe              |    25 |    35 ||    60
  Dodge: Dodged            |    34 |    65 ||    99
